 Dungeon Crawl Stone Soup version 0.32-a0-640-gc5db3fc80f (webtiles) character file.

Game seed: 4092616033698999526

1777186 Ge0ff the Fallen Dwarf (level 25, 214/237 HPs)
             Began as a Mountain Dwarf Warper on Mar 7, 2024.
             Was a Priest of Yredelemnul.
             Escaped with the Orb
             ... and 3 runes on Mar 8, 2024!
             The game lasted 03:02:11 (59524 turns).

Ge0ff the Fallen Dwarf (Mountain Dwarf Warper)     Turns: 59524, Time: 03:02:12

Health: 214/237    AC: 41    Str: 20 (22) XL:     25   Next: 67%
Magic:  2/25       EV: 11    Int: 11      God:    Yredelemnul [***...]
Gold:   442        SH: 15    Dex: 13 (14) Spells: 18/34 levels left

rFire   + + +        a - +9 demon trident (protect)
rCold   + . .        L - +1 kite shield {reflect}
rNeg    . . .        t - +6 plate armour "Zoagg" {rF+ Slay+3}
rPois   +            Q - +2 helmet
rElec   +            i - +0 cloak
rCorr   .            l - +1 pair of gloves
SInv    +            Y - +2 pair of boots of Gakuogim {rElec rC+ Int-5 SInv}
Will    +++..        f - amulet of Mistrust {Rampage rC+ Regen+} Stlth
                     D - ring "Hiepp" {rElec rF+ Will+ Dex+3, =R}
HPRegen 1.39/turn    h - ring of the Unicorn {rPois rC- MP-9 Slay+6 SInv}
MPRegen 0.19/turn

%: reflection, rampage
@: wreathed by umbra, studying 2 skills
A: runic magic, artefact enchanting, iridescent scales 2, fire resistance 1, low
MP 1, inability to drink after injury 1
0: Orb of Zot
}: 3/15 runes: barnacled, silver, gossamer
a: Renounce Religion, Light the Black Torch, Recall Undead Harvest, Hurl
Torchlight


You escaped.
You worshipped Yredelemnul.
Yredelemnul was greatly pleased with you.
You visited 10 branches of the dungeon, and saw 48 of its levels.
You visited 1 bazaar.
You also visited: Gauntlet.

You collected 9514 gold pieces.
You spent 9072 gold pieces at shops.

Inventory:

Hand Weapons
 a - a +9 demon trident of protection (weapon)
Missiles
 e - 6 darts of dispersal
 g - a throwing net {=F}
 v - 12 curare-tipped darts {=F}
 w - 32 javelins
 A - 25 silver javelins
 G - 78 boomerangs (quivered)
Armour
 i - a +0 cloak (worn)
 l - a +1 pair of gloves (worn)
 t - the +6 plate armour "Zoagg" (worn) {rF+ Slay+3}
   (You bought it in a shop in a bazaar)

   Slay+3:    It affects your accuracy & damage with ranged weapons and melee
   (+3).
   rF+:       It protects you from fire.
 L - a +1 kite shield of reflection (worn)
 Q - a +2 helmet (worn)
 Y - the +2 pair of boots of Gakuogim (worn) {rElec rC+ Int-5 SInv}
   (You acquired it on level 4 of the Dungeon)

   Int-5:     It affects your intelligence (-5).
   rC+:       It protects you from cold.
   rElec:     It insulates you from electricity.
   SInv:      It lets you see invisible.
Jewellery
 b - an amulet of faith
 f - the amulet of Mistrust (around neck) {Rampage rC+ Regen+}
   (You found it in a Gauntlet)

   [amulet of regeneration]

   rC+:       It protects you from cold.
   Regen+:    It increases your rate of health regeneration.
   Rampage:   It bestows one free step when moving towards enemies.
 h - the ring of the Unicorn (right hand) {rPois rC- MP-9 Slay+6 SInv}
   (You found it in a Gauntlet)

   [ring of see invisible]

   Slay+6:    It affects your accuracy & damage with ranged weapons and melee
   (+6).
   rC-:       It makes you vulnerable to cold.
   rPois:     It protects you from poison.
   MP-9:      It affects your magic capacity (-9).
   SInv:      It lets you see invisible.
 k - a ring of flight
 D - the ring "Hiepp" (left hand) {rElec rF+ Will+ Dex+3, =R}
   (You found it in a Gauntlet)

   [ring of protection from fire]

   Dex+3:     It affects your dexterity (+3).
   rF+:       It protects you from fire.
   rElec:     It insulates you from electricity.
   Will+:     It increases your willpower.
Wands
 d - a wand of digging (17)
 j - a wand of quicksilver (27)
 p - a wand of paralysis (20)
 s - a wand of mindburst (54)
 P - a wand of polymorph (24)
Scrolls
 x - 2 scrolls of enchant weapon
 y - 7 scrolls of immolation
 B - 7 scrolls of blinking
 C - 10 scrolls of poison
 E - 7 scrolls of fear
 F - 9 scrolls of fog
 S - 5 scrolls of butterflies
 T - 22 scrolls of teleportation
 V - 7 scrolls of vulnerability
Potions
 o - 8 potions of ambrosia
 q - 19 potions of curing
 u - 2 potions of mutation {!q}
 z - 7 potions of brilliance
 H - 2 potions of haste {!q}
 I - 6 potions of invisibility
 K - 5 potions of magic {!q}
 M - 2 potions of might
 N - 3 potions of cancellation {!q}
 R - 5 potions of resistance
 W - 11 potions of heal wounds {!q}
 X - 6 potions of enlightenment
 Z - 5 potions of berserk rage {!q}
Miscellaneous
 c - a condenser vane
 n - a phial of floods
 O - a sack of spiders (inert)
 U - a phantom mirror (inert)


   Skills:
 + Level 21.7 Fighting
 - Level 12.0 Maces & Flails
 + Level 17.9 Polearms
 + Level 10.7 Throwing
 - Level 20.0 Armour
 - Level 12.0 Dodging
 + Level 7.2 Stealth
 - Level 17.0 Shields
 - Level 5.0 Spellcasting
 + Level 8.4 Translocations
 - Level 22.1 Invocations
 - Level 16.0 Evocations


You had 18 spell levels left.
You knew the following spells:

 Your Spells              Type           Power      Damage    Failure   Level
g - Apportation           Tloc           42%        N/A       1%          1
k - Borgnjor's Vile Clut  Necr/Erth      1%         N/A       100%        5
s - Vhi's Electric Charg  Tloc/Air       24%        N/A       67%         4
B - Blink                 Tloc           42%        N/A       2%          2
Q - Manifold Assault      Tloc           21%        N/A       16%         4

Your spell library contained the following spells:

 Spells                   Type           Power      Damage    Failure   Level
 Lesser Beckoning         Tloc           42%        N/A       2%          2
 Gell's Gravitas          Tloc           21%        N/A       4%          3
 Teleport Other           Tloc           21%        N/A       4%          3
 Momentum Strike          Conj/Tloc      24%        3d8       14%         2
 Passage of Golubria      Tloc           21%        N/A       16%         4
 Volatile Blastmotes      Fire/Tloc      24%        2d12      28%         3
 Foxfire                  Conj/Fire      8%         2x1d4     45%         1
 Magic Dart               Conj           8%         1d3       45%         1
 Necrotise                Necr           8%         1d4       45%         1
 Sting                    Conj/Alch      8%         1d3       45%         1
 Summon Small Mammal      Summ           8%         N/A       45%         1
 Cigotuvi's Dreadful Rot  Necr/Alch/Air  4%         N/A       61%         2
 Mercury Vapours          Alch/Air       4%         N/A       61%         2
 Searing Ray              Conj           4%         2d4       61%         2
 Dimensional Bullseye     Hex/Tloc       6%         N/A       67%         4
 Iskenderun's Mystic Bla  Conj/Tloc      12%        2d5       67%         4
 Call Canine Familiar     Summ           2%         N/A       83%         3
 Dazzling Flash           Conj/Hex       4%         N/A       83%         3
 Inner Flame              Hex/Fire       2%         N/A       83%         3
 Mephitic Cloud           Conj/Alch/Air  2%         N/A       83%         3
 Tukima's Dance           Hex            2%         N/A       83%         3
 Anguish                  Hex/Necr       1%         N/A       99%         4
 Cause Fear               Hex            1%         N/A       99%         4
 Flame Wave               Conj/Fire      2%         2d4       99%         4
 Fulminant Prism          Conj/Alch      1%         3d5       99%         4
 Ignite Poison            Fire/Alch      2%         N/A       99%         4
 Leda's Liquefaction      Alch/Erth      1%         N/A       99%         4
 Olgreb's Toxic Radiance  Alch           2%         N/A       99%         4
 Sticky Flame             Fire/Alch      2%         2d4       99%         4
 Summon Blazeheart Golem  Fire/Summ      2%         N/A       99%         4
 Arcjolt                  Conj/Air       1%         1d11      100%        5
 Curse of Agony           Necr           2%         N/A       100%        5
 Freezing Cloud           Conj/Ice/Air   1%         6-21      100%        5
 Irradiate                Conj/Alch      1%         3d12      100%        5
 Lee's Rapid Deconstruct  Erth           1%         3d4*      100%        5
 Silence                  Hex/Air        1%         N/A       100%        5
 Yara's Violent Unravell  Hex/Alch       1%         3d3       100%        5
 Bombard                  Conj/Erth      1%         9d1       100%        6
 Plasma Beam              Fire/Air       1%         2x1d11    100%        6
 Starburst                Conj/Fire      1%         6d3       100%        6
 Enfeeble                 Hex            1%         N/A       100%        7
 Haunt                    Necr/Summ      1%         N/A       100%        7
 Malign Gateway           Summ/Tloc      6%         N/A       100%        7
 Orb of Destruction       Conj           1%         9d5       100%        7
 Ozocubu's Refrigeration  Ice            1%         4d7       100%        7
 Spellforged Servitor     Conj/Summ      1%         N/A       100%        7
 Discord                  Hex            1%         N/A       100%        8
 Disjunction              Tloc           10%        N/A       100%        8
 Ignition                 Fire           1%         3d3       100%        8
 Animate Dead             Necr           Unusable   N/A       N/A         4
 Death Channel            Necr           Unusable   N/A       N/A         6

Dungeon Overview and Level Annotations

Branches:
Dungeon (15/15)            Temple (1/1) D:4            Lair (5/5) D:8
 Shoals (4/4) Lair:2       Spider (4/4) Lair:2        Slime (0/5) Lair:5
    Orc (2/2) D:11            Elf (3/3) Orc:2        Vaults (5/5) D:13
  Crypt (0/3) Vaults:3     Depths (4/4) D:15            Zot (5/5) Depths:4
Gauntlet (visited)

Altars:
Ashenzari
Cheibriados
Dithmenos
Elyvilon
Fedhas
Gozag
Hepliaklqana
Kikubaaqudgha
Makhleb
Nemelex Xobeh
Okawaru
Qazlal
Ru
Sif Muna
Trog
Uskayaw
Vehumet
Wu Jian
Xom
Yredelemnul
Zin
The Shining One
Beogh

Shops:
D:5 *   D:7 *   D:12 =   Orc:2 *(*((:   Elf:2 (   Shoals:1 (   Shoals:3 *[![
Vaults:3 [   Vaults:4 [

Portals:
Hell: Depths:1 Depths:2 Depths:3 Depths:4
Abyss: Depths:3
Pandemonium: Depths:1 Depths:2 Depths:4
Ziggurat: Depths:1
Trove: D:11 (give +8 demon blade)

Annotations:
Depths:3 the Enchantress


Innate Abilities, Weirdness & Mutations

Your spellcasting is much less encumbered by armour.
You can use scrolls of enchantment on lesser artefacts.
You are mostly covered in iridescent scales. (AC +4)
Your flesh is heat resistant. (rF+)
Your magical capacity is low. (-10% MP)
You occasionally lose the ability to drink potions when taking damage.


Message History

Your weapon exudes an aura of protection.
The lorocyproca is heavily wounded.
You hit the lorocyproca.
The lorocyproca is heavily wounded.
You block the lorocyproca's attack.
The cherub shoots a sling bullet.
The sling bullet hits you but does no damage.
You puncture the lorocyproca!
The lorocyproca is severely wounded.
The lorocyproca hits you!
You feel your power leaking away.
You puncture the lorocyproca!
The lorocyproca is almost dead.
The cherub shoots a sling bullet.
You block the sling bullet with your +1 kite shield of reflection... and reflect it back!
The sling bullet hits the cherub.
You hit the lorocyproca but do no damage.
The lorocyproca is almost dead.
You block the lorocyproca's attack.
The cherub shoots a sling bullet.
You block the sling bullet with your +1 kite shield of reflection... and reflect it back!
The sling bullet hits the cherub but does no damage.
You puncture the lorocyproca!
The lorocyproca is almost dead.
You block the lorocyproca's attack.
You impale the lorocyproca!!
The lorocyproca's soul is now yours.
The cherub shoots a sling bullet.
The sling bullet closely misses you.
The cherub shoots a sling bullet.
You block the sling bullet with your +1 kite shield of reflection... and reflect it back!
The sling bullet barely misses the cherub.
You rampage towards the cherub!
You enter the shallow water.
Moving in this stuff is going to be slow.
The cherub unwields a +0 sling.
The cherub wields a +2 scimitar of flaming.
It bursts into flame!
The cherub hits you but does no damage.
The cherub headbutts you but does no damage.
A Hell Sentinel comes into view.
Blink to where?
Press: ? - help, Dir - move target, p - bound lorocyproca
As you read the scroll of blinking, it crumbles to dust.
The cherub unwields a +2 scimitar of flaming.
It stops flaming.
The cherub wields a +0 sling.
The cherub shoots a sling bullet.
You block the sling bullet with your +1 kite shield of reflection... and reflect it back!
The sling bullet misses the cherub.
The cherub shoots a sling bullet.
You block the sling bullet with your +1 kite shield of reflection... and reflect it back!
The sling bullet completely misses the cherub.
The Hell Sentinel gestures at you.
Your +1 kite shield of reflection blocks the iron shot... and reflects it back!
The iron shot hits the Hell Sentinel!!!
You have escaped!

###### #..##### #.#########
.....# #......# ###.# #
####.###########++###...# #
#......##~~.......ßA.# ###
####.######~~..~~1~~~§#.#######..
#.........#~..~~...~~~#..........
...†.######~.~~..~..~~#.#######.#
#.....#####~.~~.~~~Z.~#.##......#
#........)#~.~~.@.~~.~#.##.######
......#####~..~~~.~~.~####.#
..........#~~..~..~~.~# #.#
...########~~~...~~..~# #.# #)##
##.~~~~~~..~~# #.###### #.#
#.ß.......~~## #.......
#.########..###''##### #..#####
#...........# #..##.## #..#
############# #..#...## ##.#


You could see a Hell Sentinel, a cherub and a friendly bound lorocyproca.

Vanquished Creatures
  2 dread liches
  3 ancient liches (Zot:5)
  4 orbs of fire
  3 Killer Klowns (Zot:5)
  3 curse toes
  Jory (Vaults:5)
  5 golden dragons
  An electric golem (Zot:5)
  A Tzitzimitl (D:4)
  A lich (Vaults:5)
  12 Orb Guardians (Zot:5)
  A Hell Sentinel (Depths:1)
  A walking earthen tome (Depths:2)
  5 tentacled monstrosities
  A quicksilver dragon (Vaults:5)
  An Executioner (D:5)
  A sphinx (Vaults:5)
  4 death cobs
  Agnes (D:15)
  A thorn hunter (Depths:3)
  4 shadow dragons
  2 tengu reavers (Vaults:5)
  Kirke (D:13)
  3 storm dragons
  The ghost of ILmort the Warrior, an adept CoBe of Trog (Spider:1)
  A protean progenitor (Zot:5)
  Roxanne (Spider:2)
  2 iron dragons
  8 vault wardens
  8 emperor scorpions
  A frost giant (Vaults:5)
  A draconian knight (Zot:3)
  4 fire giants
  A deep elf elementalist (Elf:3)
  A reaper (D:3)
  7 ghost moths
  Louise (Spider:4)
  6 ironbound preservers
  A draconian stormcaller (Zot:1)
  An orc warlord (Vaults:4)
  A spriggan defender (Depths:3)
  4 very ugly things
  2 draconian annihilators (Zot:4)
  3 ironbound thunderhulks
  A spectral sphinx (Depths:3)
  9 stone giants
  A vampire knight (Vaults:3)
  3 deep elf demonologists
  A formless jellyfish (Vaults:3)
  2 green draconians (Zot:5)
  2 deep elf death magi (Elf:3)
  6 spark wasps
  2 black draconians (Depths:4)
  A yellow draconian (Zot:5)
  2 deep elf annihilators (Elf:1)
  9 dire elephants
  A bunyip (Zot:5)
  5 white draconians
  3 war gargoyles
  2 green deaths
  8 ettins
  A crystal guardian (Vaults:3)
  2 fire dragons
  10 yaktaur captains
  4 entropy weavers
  4 merfolk impalers
  The ghost of noobster the Spear-Bearer, a journeyman DrFi of Dithmenos (D:11)
  A deep elf high priest (Elf:3)
  A great orb of eyes (Vaults:1)
  3 ice dragons
  Fannar (D:11)
  3 rakshasas
  An ogre mage (Vaults:5)
  A salamander tyrant (Depths:2)
  26 vault guards
  2 hell beasts
  3 ironbound frosthearts
  The ghost of kae the Carver, a journeyman CoGl of Ru (D:11)
  A catoblepas (Shoals:2)
  10 centaur warriors
  A jorogumo (Spider:3)
  A spriggan air mage (Depths:2)
  13 dancing weapons
  5 boulder beetles
  2 merfolk aquamancers
  2 merfolk avatars
  6 radroaches
  A death yak (Shoals:2)
  3 deep troll shamans
  7 tengu warriors
  A vampire mage (Depths:2)
  11 demonic crawlers
  3 satyrs
  A shock serpent (shapeshifter) (Depths:2)
  Urug (D:11)
  4 deep troll earth magi
  2 orc high priests (Orc:2)
  Sonja (Orc:2)
  2 spriggan berserkers (Depths:3)
  2 sun demons
  4 deep elf knights
  A hell knight (Vaults:5)
  A soul eater (Vaults:3)
  A salamander mystic (Depths:2)
  4 pharaoh ants
  2 skysharks (Shoals:2)
  5 iron trolls
  3 sea snakes
  A skeletal warrior (Vaults:3)
  A spectral spark wasp (Depths:2)
  A skyshark (shapeshifter) (Vaults:5)
  A glowing orange brain (Depths:2)
  4 orb spiders
  A flayed ghost (Depths:2)
  A quicksilver dragon simulacrum (Depths:2)
  A sun moth (Spider:3)
  A shadow demon (D:12)
  36 deep trolls
  3 steelbarb worms
  2 arcanists
  3 lindwurms (Vaults:3)
  4 phantasmal warriors
  11 ironbound convokers
  A goliath frog (shapeshifter) (Depths:3)
  31 harpies
  A necromancer (Depths:4)
  A wolf spider zombie (Spider:4)
  7 deep elf archers
  6 spectral wolf spiders (Spider:4)
  7 orc knights
  4 thermic dynamos
  20 wolf spiders
  7 deep elf zephyrmancers
  2 orc sorcerers (Vaults:1)
  8 deep elf pyromancers
  7 ugly things
  8 fauns
  3 salamanders (Depths:2)
  17 moths of wrath
  4 cyclopes
  5 manticores
  4 large abominations
  A spectral centaur (Vaults:3)
  5 meliai
  An apocalypse crab (Gauntlet)
  2 water nymphs (Shoals:4)
  A rust devil (Zot:5)
  12 vault sentinels
  3 merfolk sirens
  8 elephants
  2 black mambas
  A molten gargoyle (Depths:2)
  2 gargoyles (D:12)
  6 cane toads
  3 torpor snails
  3 human zombies (Vaults:3)
  A merfolk zombie (Shoals:3)
  16 yaktaurs
  2 komodo dragons
  3 unseen horrors
  2 rime drakes
  6 tengu conjurers
  2 tormentors
  4 wind drakes
  3 trolls
  7 merfolk
  20 tarantellas
  A queen bee (Lair:1)
  3 hornets (Lair:5)
  2 polar bears
  Grinder (D:5)
  2 blink frogs (Lair:3)
  2 human skeletons (Vaults:3)
  10 jumping spiders
  A snapping turtle (Shoals:4)
  3 dream sheep
  8 slime creatures
  19 culicivoras
  5 wraiths
  5 water elementals
  2 shadows (D:12)
  26 yaks
  A vampire (D:12)
  7 spriggans (Lair:5)
  An elf zombie (Elf:1)
  A fire elemental (Elf:3)
  A basilisk (shapeshifter) (D:15)
  4 air elementals
  8 fire bats (D:14)
  7 wyverns
  A hog (D:13)
  A yak (shapeshifter) (Elf:1)
  2 basilisks
  59 redbacks
  3 wargs (Orc:2)
  A redback (shapeshifter) (Depths:2)
  11 vampire mosquitoes
  A deep troll zombie (Vaults:3)
  A naga (Bazaar)
  10 water moccasins
  A hell hound (Orc:2)
  16 orc warriors
  3 black bears
  A sky beast (D:7)
  4 boggarts
  7 ogres
  5 centaurs
  9 wolves
  5 kobold brigands
  A phantom (D:7)
  6 bullfrogs
  2 gnoll sergeants
  A small abomination (Gauntlet)
  2 scorpions
  9 wights
  31 killer bees
  2 bombardier beetles
  8 hounds
  3 jellies
  13 orc priests
  8 gnoll boudas
  4 iguanas
  8 orc wizards
  A sleepcap (D:8)
  A spectral killer bee (Lair:1)
  2 killer bee zombies (Lair:1)
  Robin (D:4)
  21 gnolls
  7 adders
  6 ufetubi
  3 dart slugs
  38 orcs
  32 bats
  10 endoplasms
  6 giant cockroaches
  17 goblins
  10 hobgoblins
  9 jackals
  20 kobolds
  7 quokkas
  5 ball pythons
  5 frilled lizards
  4 rats
1235 creatures vanquished.

Vanquished Creatures (collateral kills)
  A dread lich (Vaults:5)
  Boris (Depths:4)
  Xtahua (Depths:3)
  Margery (Depths:4)
  A curse toe (Zot:5)
  Saint Roka (Orc:2)
  2 caustic shrikes (Depths:4)
  3 golden dragons
  A hellephant (Depths:4)
  3 tentacled monstrosities
  A lich (Depths:2)
  9 Orb Guardians (Zot:5)
  4 titans
  2 deep elf blademasters (Elf:3)
  4 sphinxes
  2 deep elf master archers (Elf:3)
  3 death cobs
  3 shadow dragons
  A thorn hunter (Depths:3)
  3 tengu reavers (Vaults:5)
  2 storm dragons (Vaults:5)
  Ilsuiw (Shoals:2)
  Donald (Shoals:2)
  The ghost of Konar the Marksgoblin, an adept CoHu of Okawaru (Shoals:2)
  A daeva (Depths:1)
  2 draconian scorchers
  A draconian monk (Depths:4)
  11 vault wardens
  3 fire giants
  5 emperor scorpions
  4 deep elf sorcerers
  5 frost giants
  5 deep elf elementalists (Elf:3)
  2 ghost moths
  13 ironbound preservers
  2 draconian annihilators (Zot:1)
  A spriggan defender (Depths:3)
  2 orc warlords
  3 angels
  2 formless jellyfish
  6 very ugly things
  A broodmother (Spider:4)
  4 deep elf death magi
  5 stone giants
  9 ironbound thunderhulks
  3 deep elf demonologists
  A green draconian (Zot:1)
  6 deep elf annihilators (Elf:3)
  The ghost of CobblerOfWar the Black Sun, a journeyman DENe of Kikubaaqudgha (Lair:5)
  A purple draconian (Zot:1)
  3 red draconians
  A bunyip (Zot:5)
  4 black draconians
  A war gargoyle (Vaults:5)
  6 spark wasps
  4 yellow draconians
  11 dire elephants
  Azrael (Orc:2)
  2 white draconians (Zot:5)
  A minotaur (Gauntlet)
  6 slime creatures
  Josephine (D:11)
  5 entropy weavers
  7 ettins
  11 merfolk impalers
  5 fire dragons (Depths:1)
  6 merfolk javelineers
  3 deep elf high priests
  9 yaktaur captains
  A salamander tyrant (Depths:2)
  3 hydras
  3 jorogumos
  2 ice dragons (Depths:1)
  12 vault guards
  2 peacekeepers
  3 great orbs of eyes
  4 ironbound frosthearts
  9 centaur warriors
  5 boulder beetles
  A spriggan air mage (Depths:1)
  12 dancing weapons
  4 merfolk aquamancers (Shoals:4)
  4 merfolk avatars
  A satyr (Depths:3)
  A two-headed ogre (D:12)
  2 death knights
  2 deep troll shamans (Depths:1)
  A tengu warrior (Depths:3)
  15 death yaks
  3 orc high priests (Orc:2)
  The ghost of Xoff the Destroyer, a journeyman OpCj of Vehumet (D:11)
  6 demonic crawlers
  6 deep troll earth magi
  An occultist (Depths:3)
  A vampire mage (Depths:2)
  2 spriggan berserkers (Depths:3)
  3 hell knights (Depths:4)
  A shock serpent (shapeshifter) (Vaults:5)
  A sun demon (Depths:4)
  7 pharaoh ants
  An iron troll (Depths:4)
  5 skysharks
  9 deep elf knights
  3 cherubim (Shoals:4)
  2 glowing orange brains
  2 salamander mystics
  A sixfirhy (Depths:1)
  7 orb spiders
  4 sea snakes
  42 deep trolls
  A flayed ghost (D:14)
  An arcanist (Vaults:3)
  24 deep elf pyromancers
  2 steelbarb worms
  10 deep elf archers
  5 thermic dynamos
  3 necromancers
  2 phantasmal warriors (Vaults:5)
  4 lindwurms
  7 ironbound convokers
  A spectral wolf spider (Spider:4)
  12 orc knights
  13 wolf spiders
  18 harpies
  2 obsidian statues
  12 manticores
  16 deep elf zephyrmancers
  4 ugly things
  3 orc sorcerers
  13 fauns
  4 salamanders
  8 moths of wrath
  4 cyclopes
  13 elephants
  3 meliai
  12 vault sentinels
  8 merfolk sirens
  A large abomination (Gauntlet)
  A rust devil (Depths:1)
  A black mamba (Lair:3)
  3 water nymphs
  6 cane toads
  15 yaktaurs
  2 rime drakes (Lair:5)
  A tengu conjurer (Depths:4)
  A komodo dragon (D:13)
  A freezing wraith (Vaults:5)
  6 trolls
  16 merfolk
  4 polar bears
  3 hornets (Lair:5)
  15 tarantellas
  6 wind drakes
  3 human skeletons (Vaults:3)
  A wolf spider simulacrum (Spider:4)
  2 glass eyes (Depths:2)
  9 dream sheep
  A tarantella (shapeshifter) (Vaults:5)
  6 snapping turtles
  9 blink frogs (Lair:3)
  8 jumping spiders
  5 spriggans (Lair:5)
  2 air elementals
  35 yaks
  8 water elementals
  6 wraiths
  9 fire bats (D:14)
  12 culicivoras
  2 wyverns
  A neqoxec (D:5)
  7 fire elementals
  8 wargs
  A hog (D:13)
  32 redbacks
  5 vampire mosquitoes
  2 small abominations (Gauntlet)
  2 hell hounds (Orc:2)
  5 water moccasins
  18 orc warriors
  A sky beast (D:8)
  A black bear (Lair:5)
  4 ogres
  17 wolves
  3 boggarts
  5 kobold brigands
  3 bullfrogs
  A salamander zombie (Depths:3)
  A cyclops zombie (Shoals:4)
  2 gnoll sergeants (D:9)
  3 scorpions
  2 wights (D:10)
  5 killer bees
  4 howler monkeys
  13 orc priests
  9 orc wizards
  15 gnolls
  A white imp (D:8)
  2 ribbon worms (Lair:2)
  37 orcs
  43 bats (D:14)
  A giant cockroach (Lair:2)
  12 kobolds
1104 creatures vanquished.

Vanquished Creatures (others)
  A spectral caustic shrike (Vaults:5)
  A spectral storm dragon (Vaults:1)
  2 spectral tentacled monstrosities
  An emperor scorpion (Spider:4)
  A deep elf elementalist (Elf:1)
  A spectral titan (Vaults:5)
  A Killer Klown zombie (Zot:5)
  A spectral dwarf (Spider:1)
  A spectral minotaur (Spider:4)
  A spectral shadow dragon (Vaults:5)
  A spectral balrug (Depths:1)
  A spectral fire giant (Vaults:3)
  A spectral Orb Guardian (Zot:5)
  A quicksilver dragon zombie (Vaults:5)
  A spectral protean progenitor (Zot:5)
  2 spectral broodmothers (Spider:4)
  A sphinx zombie (Vaults:3)
  6 Orb Guardian zombies (Zot:5)
  An orc high priest (Elf:1)
  A titan zombie (Vaults:5)
  A spriggan berserker (Depths:3)
  2 storm dragon zombies
  3 emperor scorpion zombies
  2 golden dragon zombies
  4 spark wasp zombies
  2 pharaoh ants (Spider:4)
  4 ghost moth zombies
  A spectral angel (Depths:1)
  A spectral radroach (Spider:1)
  3 spectral merfolk
  2 spectral orcs
  2 shadow dragon zombies
  5 wolf spider zombies
  2 ugly thing zombies
  A jorogumo zombie (Spider:3)
  2 fire giant zombies
  2 frost giant zombies
  2 stone giant zombies
  A moth of wrath (Zot:1)
  A spectral centaur (Vaults:3)
  A spectral sun moth (Spider:1)
  A meliai (Spider:4)
  A spectral efreet (Orc:2)
  5 dire elephant zombies
  A spectral soul eater (Vaults:3)
  A spectral demonic crawler (Orc:2)
  A formless jellyfish zombie (Vaults:3)
  3 black draconian zombies (Depths:4)
  A spectral rakshasa (Depths:2)
  2 yellow draconian zombies
  39 human zombies
  A green draconian zombie (Zot:5)
  An unseen horror zombie (D:12)
  2 death yak zombies
  2 sea snake zombies
  4 orb spider zombies
  27 redback zombies
  3 white draconian zombies
  A spectral culicivora (Spider:2)
  A great orb of eyes zombie (Vaults:2)
  A spectral deep troll (Vaults:3)
  13 harpy zombies
  9 tarantella zombies
  5 demonic crawler zombies
  10 moth of wrath zombies
  2 spectral humans
  6 culicivora zombies
  6 jumping spider zombies
  4 ettin zombies
  2 ice dragon zombies (Depths:3)
  A meliai zombie (Spider:3)
  2 satyr zombies (Depths:3)
  3 fire dragon zombies (Depths:1)
  A jumping spider (Spider:2)
  2 black mamba zombies
  A water elemental (Elf:3)
  2 wind drake zombies
  33 elf zombies
  3 slime creature zombies (Vaults:3)
  A spectral tormentor (Depths:1)
  36 deep troll zombies
  A redback (Spider:4)
  3 tengu zombies
  11 merfolk zombies
  3 fire bat zombies (D:14)
  2 faun zombies
  An entropy weaver zombie (Vaults:1)
  A salamander zombie (Depths:2)
  A water nymph zombie (Lair:2)
  3 dream sheep zombies
  3 manticore zombies
  6 lindwurm zombies
  A snapping turtle zombie (Shoals:4)
  3 elephant zombies
  A hog zombie (D:13)
  A torpor snail zombie (Lair:5)
  A rime drake zombie (Lair:5)
  10 yaktaur zombies
  3 hell hound zombies (Orc:2)
  A cyclops zombie (Shoals:4)
  A water moccasin zombie (Lair:4)
  2 warg zombies (Orc:2)
  4 wyvern zombies
  3 troll zombies
  A polar bear zombie (Lair:5)
  4 spriggan zombies
  5 yak zombies
  3 wolf zombies
  4 centaur zombies
  2 black bear zombies (Lair:5)
  2 bullfrog zombies
  3 boggart zombies
  3 killer bee zombies
  A sky beast zombie (D:8)
  2 ogre zombies
  3 howler monkey zombies
  13 gnoll zombies
  13 bat zombies (D:14)
  3 kobold zombies
  36 orc zombies
  A spectral ufetubus (D:7)
  13 spectral weapons
489 creatures vanquished.

Grand Total: 2828 creatures vanquished

Notes
Turn   | Place    | Note
-------+----------+-------------------------------------------
     0 | D:1      | Ge0ff the Mountain Dwarf Warper began the quest for the
                  | Orb.
     0 | D:1      | Reached XP level 1. HP: 17/17 MP: 3/3
   164 | D:1      | Reached XP level 2. HP: 25/25 MP: 4/4
   212 | D:1      | Learned a level 2 spell: Blink
   498 | D:1      | Reached skill level 1 in Stealth
   717 | D:1      | Reached XP level 3. HP: 23/30 MP: 5/5
  1307 | D:2      | Reached XP level 4. HP: 38/38 MP: 6/6
  2010 | D:3      | Found a faded altar of an unknown god.
  2015 | D:3      | Found a shimmering blue altar of Sif Muna.
  2526 | D:3      | Reached XP level 5. HP: 45/45 MP: 7/7
  3028 | D:3      | Reached skill level 5 in Maces & Flails
  3188 | D:4      | Reached XP level 6. HP: 50/51 MP: 6/8
  3492 | D:4      | Identified a scroll of acquirement
  3492 | D:4      | Noticed Robin
  3498 | D:4      | Acquired the +0 pair of boots of Gakuogim {rElec rC+ Int-5
                  | SInv}
  3550 | D:4      | Killed Robin
  3644 | D:4      | Reached skill level 1 in Polearms
  3996 | D:4      | Found a snail-covered altar of Cheibriados.
  4193 | D:4      | Found a staircase to the Ecumenical Temple.
  4205 | Temple   | Entered the Ecumenical Temple
  4645 | D:4      | Found a white marble altar of Elyvilon.
  4681 | D:5      | Entered Level 5 of the Dungeon
  4686 | D:5      | Reached XP level 7. HP: 55/59 MP: 9/9
  4977 | D:5      | Reached skill level 5 in Polearms
  5007 | D:5      | Found Mekerph's Assorted Antiques.
  5025 | D:5      | Bought a scroll labelled COXZAS NELAUSH for 28 gold pieces
  5025 | D:5      | Bought a scroll labelled YKOMMOCL BAPS for 28 gold pieces
  5025 | D:5      | Bought a scroll labelled OMEWUGUGOO for 28 gold pieces
  5031 | D:5      | Reached skill level 1 in Shields
  5048 | D:5      | Noticed Grinder
  5059 | D:5      | Paralysed by Grinder for 5 turns
  5067 | D:5      | Killed Grinder
  5068 | D:5      | Reached XP level 8. HP: 54/67 MP: 8/10
  5361 | D:4      | Identified the +9 whip of Valiance {flame, rElec Will+}
  5653 | D:6      | Reached skill level 5 in Fighting
  5920 | D:6      | Identified the amulet "Tiaskeer" {rElec RegenMP+ Int+2}
  5939 | D:6      | Reached skill level 1 in Evocations
  6526 | D:7      | Found a basalt altar of Yredelemnul.
  6548 | D:7      | Became a worshipper of Yredelemnul the Fallen
  6579 | D:7      | Reached skill level 1 in Invocations
  6615 | D:7      | Reached skill level 5 in Armour
  6635 | D:7      | Found a radiant altar of Vehumet.
  6761 | D:7      | Reached XP level 9. HP: 72/74 MP: 9/11
  6807 | D:7      | Reached skill level 2 in Invocations
  7082 | D:7      | Reached skill level 3 in Invocations
  7143 | D:7      | Reached * piety under Yredelemnul
  7271 | D:7      | Reached skill level 5 in Shields
  7271 | D:7      | Reached skill level 4 in Invocations
  7515 | D:7      | Found Aciudgho's General Store.
  7560 | D:7      | Bought a potion of invisibility for 112 gold pieces
  7571 | D:7      | Found a burning altar of Makhleb.
  7622 | D:7      | Found an ancient bone altar of Kikubaaqudgha.
  7631 | D:7      | Reached skill level 5 in Invocations
  7638 | D:7      | Found a glowing golden altar of the Shining One.
  7966 | D:8      | Found a staircase to the Lair.
  8271 | D:8      | Reached XP level 10. HP: 81/81 MP: 13/13
  8544 | D:8      | Reached skill level 6 in Invocations
  8898 | D:9      | Reached ** piety under Yredelemnul
  8899 | D:9      | Reached skill level 10 in Maces & Flails
  8974 | D:9      | Reached skill level 7 in Invocations
  9165 | D:9      | Found a hide-covered altar of Uskayaw.
  9246 | D:9      | Reached *** piety under Yredelemnul
  9382 | D:10     | Entered Level 10 of the Dungeon
  9418 | D:10     | Reached XP level 11. HP: 87/91 MP: 16/16
  9527 | D:10     | Found a stormy altar of Qazlal.
  9735 | D:10     | Found a shadowy altar of Dithmenos.
 10409 | D:11     | Noticed Urug
 10419 | D:11     | Killed Urug
 10610 | D:11     | Found a portal to a secret trove of treasure.
 10708 | D:11     | Noticed Fannar
 10720 | D:11     | Killed Fannar
 10721 | D:11     | Reached skill level 5 in Evocations
 10894 | D:11     | Reached skill level 8 in Invocations
 11031 | D:11     | Found a runed translucent gate.
 11031 | D:11     | Found a runed translucent gate.
 11031 | D:11     | Found a runed translucent gate.
 11036 | D:11     | Noticed kae's ghost (journeyman CoGl)
 11036 | D:11     | Noticed Xoff's ghost (journeyman OpCj)
 11038 | D:11     | Noticed noobster's ghost (journeyman DrFi)
 11078 | D:11     | Noticed Josephine
 11108 | D:11     | Killed Josephine
 11559 | D:11     | Found a staircase to the Orcish Mines.
 11749 | D:10     | Noticed a red ugly thing
 11750 | D:10     | Noticed a brown ugly thing
 11774 | D:10     | Killed a red ugly thing
 11774 | D:10     | Noticed a red ugly thing
 11779 | D:10     | Noticed a deep elf pyromancer
 11784 | D:10     | Killed a red ugly thing
 11785 | D:10     | Reached XP level 12. HP: 86/103 MP: 15/18
 11797 | D:10     | Reached skill level 9 in Invocations
 12328 | Lair:1   | Entered Level 1 of the Lair of Beasts
 12394 | Lair:1   | Reached skill level 10 in Shields
 12432 | Lair:1   | Reached **** piety under Yredelemnul
 12495 | Lair:1   | Reached skill level 10 in Invocations
 12747 | Lair:1   | Reached ***** piety under Yredelemnul
 12825 | Lair:1   | Found a shimmering altar of Xom.
 13260 | Lair:2   | Reached skill level 10 in Fighting
 13263 | Lair:2   | Noticed a demonic crawler
 13264 | Lair:2   | Found a hole to the Spider Nest.
 13271 | Lair:2   | Killed a demonic crawler
 13271 | Lair:2   | Bound a demonic crawler
 13405 | Lair:2   | Noticed a boulder beetle
 13429 | Lair:2   | Killed a boulder beetle
 13539 | Lair:2   | Found a staircase to the Shoals.
 13705 | Lair:2   | Found a transporter.
 13707 | Lair:2   | Found a transporter.
 13708 | Lair:2   | Noticed a boulder beetle
 13708 | Lair:2   | Noticed a boulder beetle
 13749 | Lair:2   | Killed a boulder beetle
 13757 | Lair:2   | Killed a boulder beetle
 14125 | Lair:3   | Noticed a five-headed hydra
 14129 | Lair:3   | Killed a five-headed hydra
 14253 | Lair:3   | Noticed a seven-headed hydra
 14258 | Lair:3   | Killed a seven-headed hydra
 14259 | Lair:3   | Reached XP level 13. HP: 113/113 MP: 20/20
 15088 | Lair:4   | Reached skill level 10 in Polearms
 15088 | Lair:4   | Reached skill level 11 in Invocations
 15985 | Lair:5   | Entered Level 5 of the Lair of Beasts
 16125 | Lair:5   | Noticed a dire elephant
 16144 | Lair:5   | Found a runed translucent gate.
 16144 | Lair:5   | Found a runed translucent gate.
 16144 | Lair:5   | Found a runed translucent gate.
 16144 | Lair:5   | Noticed CobblerOfWar's ghost (journeyman DENe)
 16157 | Lair:5   | Killed a dire elephant
 16158 | Lair:5   | Reached skill level 12 in Invocations
 16172 | Lair:5   | Killed CobblerOfWar's ghost
 16219 | Lair:5   | Reached XP level 14. HP: 50/125 MP: 14/23
 16573 | Lair:5   | Found a staircase to the Slime Pits.
 16672 | Lair:5   | Reached skill level 10 in Armour
 16994 | Lair:5   | Found a hazy altar of Hepliaklqana.
 17725 | Orc:1    | Entered Level 1 of the Orcish Mines
 18207 | Orc:2    | Entered Level 2 of the Orcish Mines
 18211 | Orc:2    | Noticed Sonja
 18213 | Orc:2    | Killed Sonja
 18215 | Orc:2    | Noticed Azrael
 18227 | Orc:2    | Killed Azrael
 18247 | Orc:2    | Found a staircase to the Elven Halls.
 18303 | Orc:2    | Noticed Saint Roka
 18323 | Orc:2    | Killed Saint Roka
 18576 | Orc:2    | Found Karpha Goitt's Self-Improvement Boutique.
 18591 | Orc:2    | Learned a level 4 spell: Manifold Assault
 18596 | Orc:2    | Learned a level 4 spell: Vhi's Electric Charge
 18602 | Orc:2    | Learned a level 5 spell: Borgnjor's Vile Clutch
 18645 | Orc:2    | Found Ysojak's Mass Market.
 18924 | Orc:2    | Found Pasyef's Antique Weapon Shop.
 18941 | Orc:2    | Found Vud Emos's Assorted Antiques.
 18996 | Orc:2    | Reached XP level 15. HP: 86/134 MP: 8/24
 19015 | Orc:2    | Found a roughly hewn altar of Beogh.
 19028 | Orc:2    | Your ally Azrael died
 19037 | Orc:2    | Your ally Saint Roka died
 19044 | Orc:2    | Reached skill level 13 in Invocations
 19096 | Orc:2    | Found Avevveki's Weapon Shop.
 19097 | Orc:2    | Found Kom Taicw's Antique Weapon Boutique.
 19240 | Orc:2    | Bought 3 boomerangs for 108 gold pieces
 19284 | Orc:2    | Bought a jewelled iron wand for 148 gold pieces
 19703 | D:12     | Identified the staff of Elyvilon's Reproof {rPois rN+ Str+4
                  | Int+2 Earth}
 19727 | D:12     | Found Attetzun's Jewellery Shop.
 20515 | D:12     | Found a glowing silver altar of Zin.
 20696 | D:13     | Noticed Kirke
 20709 | D:13     | Noticed a sphinx
 20715 | D:13     | Killed Kirke
 20928 | D:13     | Identified the +8 dagger of Unuchux {spect, Will+ Str+3
                  | Stlth+}
 21409 | D:13     | Found a gate to the Vaults.
 22023 | D:14     | Found an ancient bone altar of Kikubaaqudgha.
 22156 | D:14     | Found a runed translucent door.
 22159 | D:14     | Found a hazy altar of Hepliaklqana.
 22163 | D:14     | Noticed Jorgrun
 22171 | D:14     | Killed Jorgrun
 22171 | D:14     | Bound Jorgrun
 22254 | D:14     | Found a glowing golden altar of the Shining One.
 22272 | D:14     | Found a glowing silver altar of Zin.
 22372 | D:14     | Found a blossoming altar of Fedhas.
 22404 | D:14     | Found a blossoming altar of Fedhas.
 22434 | D:14     | Found a broken altar of Ashenzari.
 22937 | D:15     | Entered Level 15 of the Dungeon
 23023 | D:15     | Found a gate leading to a gauntlet.
 23040 | Gauntlet | Entered a Gauntlet
 23040 | Gauntlet | Found a transporter.
 23040 | Gauntlet | Found a transporter.
 23041 | Gauntlet | Found a runed translucent door.
 23046 | Gauntlet | Found a transporter.
 23058 | Gauntlet | Found a transporter.
 23076 | Gauntlet | Found a transporter.
 23076 | Gauntlet | Found a transporter.
 23078 | Gauntlet | Found a transporter.
 23078 | Gauntlet | Found a transporter.
 23078 | Gauntlet | Found a transporter.
 23091 | Gauntlet | Found a transporter.
 23107 | Gauntlet | Found a transporter.
 23116 | Gauntlet | Found a runed translucent door.
 23117 | Gauntlet | Found a transporter.
 23118 | Gauntlet | Found a runed translucent door.
 23131 | Gauntlet | Found a transporter.
 23151 | Gauntlet | Found a transporter.
 23215 | Gauntlet | Identified the ring "Hiepp" {rElec rF+ Will+ Dex+3}
 23279 | Gauntlet | Identified the ring of the Unicorn {rPois rC- MP-9 Slay+6
                  | SInv}
 23323 | Gauntlet | Identified the amulet of Mistrust {Rampage rC+ Regen+}
 23389 | Gauntlet | Reached skill level 5 in Dodging
 23609 | D:15     | Noticed Agnes
 23612 | D:15     | Found a sacrificial altar of Ru.
 23618 | D:15     | Killed Agnes
 23687 | D:15     | Found a staircase to the Depths.
 24593 | D:14     | Found a hazy altar of Hepliaklqana.
 24623 | D:14     | Found a broken altar of Ashenzari.
 24669 | D:14     | Found a blossoming altar of Fedhas.
 24677 | D:14     | Found a blossoming altar of Fedhas.
 24722 | D:14     | Found a glowing silver altar of Zin.
 24734 | D:14     | Found a glowing golden altar of the Shining One.
 24777 | D:14     | Found an ancient bone altar of Kikubaaqudgha.
 25227 | D:11     | Killed kae's ghost
 25230 | D:11     | Killed noobster's ghost
 25233 | D:11     | Killed Xoff's ghost
 25449 | Spider:1 | Entered Level 1 of the Spider Nest
 25456 | Spider:1 | Reached XP level 16. HP: 118/146 MP: 10/26
 25465 | Spider:1 | Reached skill level 14 in Invocations
 25466 | Spider:1 | Your ally Jorgrun died
 25721 | Spider:1 | Found a transporter.
 25904 | Spider:1 | Acquired 487 gold pieces
 25950 | Spider:1 | Noticed ILmort's ghost (adept CoBe)
 25970 | Spider:1 | Found a transporter.
 26662 | Spider:2 | Noticed Roxanne
 26719 | Spider:2 | Reached skill level 15 in Fighting
 26879 | Spider:2 | Killed Roxanne
 27441 | Spider:3 | Reached XP level 17. HP: 156/156 MP: 0/28
 27725 | Spider:3 | HP: 5/156 [wolf spider[a broodmother] (15)]
 27888 | Spider:3 | Reached skill level 15 in Invocations
 28630 | Spider:4 | Entered Level 4 of the Spider Nest
 28630 | Spider:4 | Noticed Louise
 28637 | Spider:4 | Reached skill level 10 in Evocations
 28644 | Spider:4 | Killed Louise
 28861 | Spider:4 | Noticed Asterion
 29128 | Shoals:1 | Entered Level 1 of the Shoals
 29301 | Shoals:1 | Found Afrigo's Antique Weapon Shop.
 30064 | Spider:4 | Killed Asterion
 30064 | Spider:4 | Bound Asterion
 30157 | Spider:4 | Reached XP level 18. HP: 163/163 MP: 20/29
 30277 | Spider:4 | Your ally Asterion died
 30793 | Spider:4 | Got a gossamer rune of Zot
 30914 | Spider:4 | Reached skill level 16 in Invocations
 31973 | Shoals:2 | Noticed Ilsuiw
 31992 | Shoals:2 | Killed Ilsuiw
 32127 | Shoals:2 | Found a runed translucent gate.
 32127 | Shoals:2 | Found a runed translucent gate.
 32127 | Shoals:2 | Found a runed translucent gate.
 32128 | Shoals:2 | Found an opulent altar of Gozag.
 32130 | Shoals:2 | Noticed Konar's ghost (adept CoHu)
 32210 | Shoals:2 | Noticed Polyphemus
 32229 | Shoals:2 | Killed Polyphemus
 32229 | Shoals:2 | Bound Polyphemus
 32516 | Shoals:2 | Noticed Donald
 32537 | Shoals:2 | Killed Donald
 33076 | Shoals:3 | Found Womehecs's Distillery.
 33241 | Shoals:3 | Bought 2 potions of heal wounds for 140 gold pieces
 33241 | Shoals:3 | Bought a potion of magic for 112 gold pieces
 33242 | Shoals:3 | Found Rabbair's Assorted Antiques.
 33242 | Shoals:3 | Found Utahadit's Antique Armour Boutique.
 33259 | Shoals:3 | Bought 2 potions of haste for 740 gold pieces
 33259 | Shoals:3 | Bought a scroll of blinking for 277 gold pieces
 33259 | Shoals:3 | Bought 2 scrolls of fear for 296 gold pieces
 33349 | Shoals:3 | Reached skill level 15 in Shields
 33397 | Shoals:3 | Reached skill level 15 in Polearms
 33428 | Shoals:3 | Found Intioghi's Armour Shoppe.
 34101 | Shoals:4 | Entered Level 4 of the Shoals
 34139 | Shoals:4 | Found a glowing golden altar of the Shining One.
 34143 | Shoals:4 | Noticed Bai Suzhen
 34155 | Shoals:4 | Killed Bai Suzhen
 34155 | Shoals:4 | Bound Bai Suzhen
 34195 | Shoals:4 | Reached XP level 19. HP: 100/172 MP: 8/31
 34240 | Shoals:4 | Got Meokotofip's Omnibus of Location
 34515 | Shoals:4 | Identified the +6 orcbow of Onwul Xes {antimagic, rPois
                  | Int+3}
 34516 | Shoals:4 | Identified the amulet "Lezxeloll" {Faith -Cast rF+ rC+++}
 34551 | Shoals:4 | Reached skill level 15 in Armour
 34636 | Shoals:4 | Found a white marble altar of Elyvilon.
 34705 | Shoals:4 | Identified the +2 robe "Muyjooqa" {rN+}
 34811 | Shoals:4 | Found a glowing silver altar of Zin.
 34833 | Shoals:4 | Got a barnacled rune of Zot
 35438 | Elf:1    | Entered Level 1 of the Elven Halls
 35478 | Elf:1    | Found a radiant altar of Vehumet.
 35490 | Elf:1    | Reached skill level 1 in Throwing
 35838 | Elf:1    | Found a radiant altar of Vehumet.
 36082 | Elf:1    | Paralysed by an air elemental for 1 turns
 36084 | Elf:1    | Paralysed by an air elemental for 1 turns
 36469 | Elf:2    | Paralysed by an air elemental for 1 turns
 37112 | Elf:2    | Found a runed translucent gate.
 37112 | Elf:2    | Found a runed translucent gate.
 37113 | Elf:2    | Found a runed translucent gate.
 37372 | Elf:2    | Found Caph's Antique Weapon Shop.
 37372 | Elf:2    | Paralysed by an air elemental for 1 turns
 37614 | Elf:3    | Entered Level 3 of the Elven Halls
 37671 | Elf:3    | Reached XP level 20. HP: 184/184 MP: 23/32
 37676 | Elf:3    | Got Vehumet's Directory of Hurting
 37991 | Elf:3    | Identified the +8 broad axe "Qaoclij" {chaos, *Corrode
                  | rF+++ Dex+4 SInv}
 37992 | Elf:3    | Identified the ring "Trusted Companion" {rElec Will- MP+9
                  | Str+4}
 38051 | Elf:3    | Identified the +4 robe "Noumyam" {rN+ Int+3 Dex-2 SInv}
 38063 | Elf:3    | Identified the +4 trident "Pedow" {venom, Str+2}
 38114 | Elf:3    | Identified the +6 battleaxe of Tiujebli {pain, rF- Str+3
                  | Int+2}
 38122 | Elf:3    | Identified the +2 robe of the Equator {Rampage Fly rCorr
                  | Slay-3}
 38618 | Elf:3    | Got the Notes on the Transmuted Dead
 38625 | Elf:3    | Identified the ring of Duarudd {rC++ Int+6}
 38689 | Elf:3    | Identified the staff of Corporal Punishment {rC+ MP+9 Ice}
 38693 | Elf:3    | Identified the staff "Beetleslayer" {rElec rC+ Str+6 Air}
 39173 | Spider:1 | Reached skill level 10 in Dodging
 39210 | Spider:1 | Killed ILmort's ghost
 39528 | Shoals:2 | Reached skill level 5 in Throwing
 39563 | Shoals:2 | Killed Konar's ghost
 39807 | Vaults:1 | Entered Level 1 of the Vaults
 40132 | Vaults:1 | Your ally Bai Suzhen died
 40316 | Vaults:1 | Reached XP level 21. HP: 138/195 MP: 18/33
 40528 | Vaults:1 | Got the Teachings on Unstable Death
 41627 | Vaults:2 | Reached ****** piety under Yredelemnul
 42360 | Vaults:3 | Reached skill level 15 in Evocations
 42557 | Vaults:3 | Reached skill level 17 in Invocations
 42633 | Vaults:3 | Found a runed translucent gate.
 42633 | Vaults:3 | Found a runed translucent gate.
 42633 | Vaults:3 | Found a runed translucent gate.
 42784 | Vaults:3 | Paralysed by a formless jellyfish for 1 turns
 42785 | Vaults:3 | Found Seolabub's Armour Shop.
 42865 | Vaults:3 | Reached XP level 22. HP: 94/207 MP: 25/34
 43313 | Vaults:3 | Reached skill level 5 in Translocations
 43478 | Vaults:3 | Found a staircase to the Crypt.
 43981 | Vaults:3 | Found a glowing golden altar of the Shining One.
 44271 | Vaults:4 | Found a flickering gateway to a bazaar.
 44280 | Bazaar   | Entered a bazaar
 44303 | Bazaar   | Found Ogyzagga's Assorted Antiques.
 44349 | Bazaar   | Found Rounarrihe's Assorted Antiques.
 44402 | Bazaar   | Found Foagann's Assorted Antiques.
 44410 | Bazaar   | Bought a steaming pewter amulet for 110 gold pieces
 44410 | Bazaar   | Identified the amulet "Qaenesm" {Reflect rF+ Dex+4 SH+5}
                  | (You bought it in a shop in a bazaar)
 44410 | Bazaar   | Bought a potion of curing for 66 gold pieces
 44463 | Bazaar   | Found Oghotado's Magic Scroll Shoppe.
 44471 | Bazaar   | Bought a scroll of acquirement for 832 gold pieces
 44471 | Bazaar   | Bought a scroll of fog for 64 gold pieces
 44471 | Bazaar   | Bought a scroll of fear for 64 gold pieces
 44471 | Bazaar   | Acquired 576 gold pieces
 44798 | Bazaar   | Bought a bloodstained plate armour for 672 gold pieces
 44798 | Bazaar   | Identified the +5 plate armour "Zoagg" {rF+ Slay+3} (You
                  | bought it in a shop in a bazaar)
 44812 | Bazaar   | Bought a translucent chain mail for 228 gold pieces
 44812 | Bazaar   | Identified the +6 chain mail of Ukhlydwi {rPois rC- Will+++
                  | Int+2} (You bought it in a shop in a bazaar)
 44812 | Bazaar   | Bought a potion of heal wounds for 120 gold pieces
 44812 | Bazaar   | Bought a scroll of teleportation for 72 gold pieces
 44812 | Bazaar   | Bought a potion of haste for 240 gold pieces
 44863 | Bazaar   | Bought a potion of might for 60 gold pieces
 44973 | Vaults:4 | Reached skill level 5 in Spellcasting
 45422 | Vaults:4 | Found Tanerghi's Armour Boutique.
 46346 | Depths:1 | Entered Level 1 of the Depths
 46350 | Depths:1 | Found a gateway to Hell.
 46441 | Depths:1 | Reached skill level 18 in Invocations
 46516 | Depths:1 | Found a one-way gateway to a ziggurat.
 46613 | Depths:1 | Found a one-way gate leading to the halls of Pandemonium.
 47022 | Depths:1 | Paralysed by an air elemental for 1 turns
 47951 | Depths:2 | Reached skill level 19 in Invocations
 48170 | Depths:2 | Identified the +3 battleaxe of Lesim {spect, rF+}
 48213 | Depths:2 | Reached skill level 20 in Invocations
 48463 | Depths:2 | Found a bloodstained altar of Trog.
 48589 | Depths:2 | Reached XP level 23. HP: 170/215 MP: 25/37
 49515 | Depths:3 | Noticed the Enchantress
 49519 | Depths:3 | Killed the Enchantress
 49519 | Depths:3 | Bound the Enchantress
 49539 | Depths:3 | Got the Spellbook of the Evil Eye and Detritus
 49541 | Depths:3 | Identified the staff of Objectivity {rElec Dex+2 Earth}
 49663 | Depths:3 | Noticed Xtahua
 49680 | Depths:3 | Killed Xtahua
 49979 | Depths:3 | Found a one-way gate to the infinite horrors of the Abyss.
 50169 | Depths:3 | Got Quotidian Esoteric Understanding
 50576 | Depths:4 | Entered Level 4 of the Depths
 50578 | Depths:4 | Identified the +3 robe of the Untouchables {rElec Regen+
                  | Str-3 Int+3}
 50578 | Depths:4 | Noticed Boris
 50592 | Depths:4 | Killed Boris
 50821 | Depths:4 | Found a gate to the Realm of Zot.
 51047 | Depths:4 | Found a broken altar of Ashenzari.
 51230 | Depths:4 | Noticed a caustic shrike
 51230 | Depths:4 | Noticed a caustic shrike
 51231 | Depths:4 | Noticed a caustic shrike
 51235 | Depths:4 | Killed a caustic shrike
 51238 | Depths:4 | Killed a caustic shrike
 51238 | Depths:4 | Bound a caustic shrike
 51239 | Depths:4 | Killed a caustic shrike
 51346 | Depths:4 | Noticed Margery
 51360 | Depths:4 | Killed Margery
 52166 | Vaults:5 | Entered Level 5 of the Vaults
 52519 | Vaults:5 | Reached XP level 24. HP: 226/226 MP: 28/37
 53085 | Vaults:5 | Noticed a dread lich
 53099 | Vaults:5 | Killed a dread lich
 53103 | Vaults:5 | Reached skill level 21 in Invocations
 53108 | Vaults:5 | Noticed a dread lich
 53109 | Vaults:5 | Killed a dread lich
 53303 | Vaults:5 | Identified the +3 chain mail of Disaster {-Cast rPois rC-
                  | Dex+9}
 53449 | Vaults:5 | Got a silver rune of Zot
 54262 | Vaults:5 | Noticed Jory
 54278 | Vaults:5 | Killed Jory
 54637 | D:5      | Bought a sack of spiders for 1120 gold pieces
 54637 | D:5      | Bought a condenser vane for 1120 gold pieces
 54637 | D:5      | Bought a scroll of teleportation for 84 gold pieces
 54637 | D:5      | Bought a scroll of blinking for 210 gold pieces
 54801 | Shoals:3 | Bought a potion of ambrosia for 112 gold pieces
 54801 | Shoals:3 | Bought a potion of berserk rage for 70 gold pieces
 54801 | Shoals:3 | Bought a potion of resistance for 140 gold pieces
 54801 | Shoals:3 | Bought a potion of mutation for 112 gold pieces
 54801 | Shoals:3 | Bought a potion of curing for 42 gold pieces
 54811 | Shoals:3 | Bought a wand of mindburst (5) for 259 gold pieces
 54811 | Shoals:3 | Bought a potion of haste for 370 gold pieces
 55046 | Orc:2    | Bought a scroll of poison for 148 gold pieces
 55046 | Orc:2    | Bought 3 scrolls of fear for 444 gold pieces
 55046 | Orc:2    | Bought a potion of enlightenment for 185 gold pieces
 55046 | Orc:2    | Bought a scroll of teleportation for 111 gold pieces
 55365 | Zot:1    | Entered Level 1 of the Realm of Zot
 55567 | Zot:2    | Learned a level 1 spell: Apportation
 55812 | Zot:4    | Found the +5 demon whip "Spellbinder" {antimagic, disrupt,
                  | Will+}
 56044 | Zot:4    | Noticed an orb of fire
 56055 | Zot:4    | Gained mutation: Your health recovers twice as slowly from
                  | being drained. [an orb of fire]
 56065 | Zot:4    | Gained mutation: You are strong-willed. (Will+) [an orb of
                  | fire]
 56066 | Zot:4    | Gained mutation: You have an increased reservoir of magic.
                  | (+10% MP) [an orb of fire]
 56067 | Zot:4    | Killed an orb of fire
 56736 | Zot:4    | Identified the +7 arbalest "Cafiusomp" {antimagic, rElec
                  | rF+ Str-5}
 56799 | Zot:4    | Found a stormy altar of Qazlal.
 57031 | Zot:5    | Entered Level 5 of the Realm of Zot
 57033 | Zot:5    | Noticed an orb of fire
 57047 | Zot:5    | Noticed an orb of fire
 57057 | Zot:5    | Gained mutation: Armour fits poorly on your strangely
                  | shaped body. [an orb of fire]
 57065 | Zot:5    | Killed an orb of fire
 57080 | Zot:5    | Gained mutation: Your body sometimes deteriorates upon
                  | taking damage. [an orb of fire]
 57087 | Zot:5    | Killed an orb of fire
 57088 | Zot:5    | Reached XP level 25. HP: 176/235 MP: 26/41
 57221 | Zot:5    | Reached skill level 5 in Stealth
 57856 | Zot:5    | Noticed a dread lich
 57868 | Zot:5    | Noticed a Killer Klown
 57871 | Zot:5    | Killed a dread lich
 57895 | Zot:5    | Killed a Killer Klown
 58200 | Zot:5    | Noticed an ancient lich
 58237 | Zot:5    | Killed an ancient lich
 58315 | Zot:5    | Noticed a Killer Klown
 58333 | Zot:5    | Noticed an ancient lich
 58334 | Zot:5    | Noticed an orb of fire
 58342 | Zot:5    | Noticed an ancient lich
 58355 | Zot:5    | Killed an ancient lich
 58356 | Zot:5    | Reached skill level 10 in Throwing
 58378 | Zot:5    | Killed an orb of fire
 58409 | Zot:5    | Killed a Killer Klown
 58428 | Zot:5    | Killed an ancient lich
 58429 | Zot:5    | Reached skill level 22 in Invocations
 58573 | Zot:5    | Noticed a Killer Klown
 58611 | Zot:5    | Killed a Killer Klown
 58705 | Zot:5    | Lost mutation: You have an increased reservoir of magic.
                  | (+10% MP) [potion of mutation]
 58705 | Zot:5    | Lost mutation: Your health recovers twice as slowly from
                  | being drained. [potion of mutation]
 58705 | Zot:5    | Lost mutation: Your body sometimes deteriorates upon taking
                  | damage. [potion of mutation]
 58705 | Zot:5    | Gained mutation: You are clumsy. (Dex -2) [potion of
                  | mutation]
 58706 | Zot:5    | Lost mutation: Armour fits poorly on your strangely shaped
                  | body. [potion of mutation]
 58706 | Zot:5    | Lost mutation: You are strong-willed. (Will+) [potion of
                  | mutation]
 58706 | Zot:5    | Gained mutation: Your muscles are strong. (Str +4, Int/Dex
                  | -1) [potion of mutation]
 58706 | Zot:5    | Gained mutation: You have a pair of small horns on your
                  | head. [potion of mutation]
 58707 | Zot:5    | Lost mutation: Your muscles are strong. (Str +4, Int/Dex
                  | -1) [potion of mutation]
 58707 | Zot:5    | Lost mutation: You have a pair of small horns on your head.
                  | [potion of mutation]
 58707 | Zot:5    | Lost mutation: You are clumsy. (Dex -2) [potion of
                  | mutation]
 58707 | Zot:5    | Gained mutation: You are clumsy. (Dex -2) [potion of
                  | mutation]
 58707 | Zot:5    | Gained mutation: Your body sometimes deteriorates upon
                  | taking damage. [potion of mutation]
 58707 | Zot:5    | Gained mutation: You are partially covered in iridescent
                  | scales. (AC +2) [potion of mutation]
 58713 | Zot:5    | Lost mutation: You are clumsy. (Dex -2) [potion of
                  | mutation]
 58713 | Zot:5    | Lost mutation: Your body sometimes deteriorates upon taking
                  | damage. [potion of mutation]
 58713 | Zot:5    | Gained mutation: You occasionally lose the ability to drink
                  | potions when taking damage. [potion of mutation]
 58713 | Zot:5    | Gained mutation: You are mostly covered in iridescent
                  | scales. (AC +4) [potion of mutation]
 58713 | Zot:5    | Gained mutation: Your magical capacity is low. (-10% MP)
                  | [potion of mutation]
 58763 | Zot:5    | Noticed a Killer Klown
 58765 | Zot:5    | Noticed an orb of fire
 58771 | Zot:5    | Got the Orb of Zot
 59034 | Depths:3 | Noticed Qoniriz the pandemonium lord
 59373 | D:5      | Gained mutation: Your flesh is heat resistant. (rF+) [a
                  | neqoxec]
 59524 | D:$      | Escaped with the Orb!

Illustrated notes

Levels and vault maps discovered:
D:1:      psy_arrival_whirlpool, layout_loops_ring, st_stairs_8
D:2:      layout_loops_ring
D:3:      layout_basic, nicolae_overflow_ecumenical_swirl
D:4:      layout_loops_corners, kennysheep_mini_moat, kennysheep_slug_shrine,
          minmay_temple_entry_trees, uniq_robin
D:5:      layout_cave_pools, serial_shops, shop, cheibrodos_gnoll_hut,
          uniq_grinder
D:6:      layout_basic, serial_rivers, chequers_serial_rivers_small_b,
          chequers_serial_rivers_small_3, chequers_serial_rivers_room_b,
          chequers_serial_rivers_micro_d, chequers_serial_rivers_micro_b,
          chequers_serial_rivers_micro_b
D:7:      kennysheep_seaside_town, layout_basic, mainiacjoe_overflow_catwalk,
          makhleb_heckhound_becter, lemuel_tele_altar, jmf_multi_god_temple2,
          serial_shops, shop, chequers_serial_rivers_small_b
D:8:      lemuel_ice_spiral_2, layout_rooms, minmay_lair_entry_grove
D:9:      layout_rooms, kennysheep_mini
D:10:     cheibrodos_elevator_heist, layout_stronghold, grunt_dithmenos_smoke,
          grunt_qazlal_sundering, corexii_checkpoint, dreamdust_wishing_well
D:11:     layout_stronghold, david_orc_1_choice, gammafunk_ghost_cemetery,
          nicolae_trove_entry_isolated, uniq_fannar, uniq_urug, uniq_josephine
D:12:     layout_stronghold, serial_shops, shop, zin_treasury
D:13:     layout_basic, hangedman_vaults_entry_quadrant_bands, uniq_kirke
D:14:     due_megacathedral, layout_irregular_city, kiku_gazebo_garden_becter,
          uniq_jorgrun
D:15:     hangedman_depths_entry_civil_slaughter, layout_stronghold,
          hangedman_ru_absence, gauntlet_entry_generic, uniq_agnes
Temple:   minmay_temple_curvy_loop
Lair:1:   layout_small_grid, special_room [special_room_bee], basic_altar
Lair:2:   gammafunk_boulding_lane, layout_chaotic_city,
          nicolae_shoals_entry_flooding, nicolae_spider_entry_non_spiders
Lair:3:   layout_layer_cave
Lair:4:   layout_loops_ring
Lair:5:   minmay_lair_end_enchanted_forest, layout_regular_city, slime_entry_1,
          gammafunk_ghost_split, basic_altar, st_stairs_6
Shoals:1: layout_shoals, serial_shops, nicolae_shop_dealshenge
Shoals:2: layout_shoals, ebering_ghost_gozag, uniq_donald, uniq_polyphemus,
          uniq_ilsuiw
Shoals:3: layout_shoals, serial_shops, shop, nicolae_diamond_shop, shop,
          nicolae_shop_hallway_plus
Shoals:4: shoals_end_hellmonk_holy_island, uniq_bai_suzhen
Spider:1: layout_spider_delve, nzn_ghost_randoct,
          nicolae_spider_baby_got_redback, hangedman_spider_tarantella_strand
Spider:2: layout_spider_delve, uniq_roxanne
Spider:3: nicolae_spider_hilbert_zone_1 [nicolae_spider_hilbert_4_sides_1_open,
          nicolae_spider_hilbert_4_sides_1_open,
          nicolae_spider_hilbert_4_sides_1_open,
          nicolae_spider_hilbert_4_sides_1_open,
          nicolae_spider_hilbert_3_sides_1_open,
          nicolae_spider_hilbert_3_sides_1_open,
          nicolae_spider_hilbert_3_sides_1_open,
          nicolae_spider_hilbert_3_sides_1_open,
          nicolae_spider_hilbert_3_sides_1_open,
          nicolae_spider_hilbert_6_sides_1_open,
          nicolae_spider_hilbert_6_sides_1_open,
          nicolae_spider_hilbert_3_sides_1_open,
          nicolae_spider_hilbert_3_sides_1_open,
          nicolae_spider_hilbert_3_sides_1_open,
          nicolae_spider_hilbert_3_sides_1_open,
          nicolae_spider_hilbert_2_sides_1_open]
Spider:4: guppyfry_spider_rune, nicolae_spider_undead_wolf_pack, uniq_louise,
          uniq_asterion
Orc:1:    layout_caves
Orc:2:    st_orc_town, layout_diamond_mine, minmay_shop_mass,
          nicolae_shop_self_help, uniq_sonja, uniq_azrael, uniq_saint_roka
Elf:1:    eino_elf_arrival_altar, layout_loops_cross, guppyfry_elf_altar,
          serial_library_hellmonk_octagon
Elf:2:    elven_hall_of_blades_hangedman_original
          [nicolae_blade_entry_antechamber], layout_loops_cross, serial_shops,
          nicolae_lakefront_shop, st_stairs_1
Elf:3:    grunt_elf_hall_spiral, layout_geoelf_grid, minmay_elf_annihilation
Vaults:1: nicolae_vaults_more_shelving_1, grunt_vaults_swirl,
          nicolae_vaults_weapon_check, hangedman_vaults_unwind, v_misc_23,
          vaults_mumra_chevron_long, nicolae_vaults_minivaults, v_alt_pattern_6,
          minmay_orc_keep, vaults_room_hallway, nicolae_vaults_gold_heap,
          layout_vaults_omnibox
Vaults:2: ontoclasm_vaults_fault, nicolae_vaults_trapezoid_lopsided_3,
          nicolae_vaults_apartment_2, nicolae_vaults_trapezoid_lopsided_3,
          nicolae_vaults_border_crossing, nicolae_vaults_closet_pinwheel_4,
          v_misc_9, vaults_room_hallway, nicolae_vaults_double_plus_1,
          layout_vaults_big_room
Vaults:3: hangedman_vaults_stretched_pinwheel, dpeg_vaults_monster_row,
          minmay_crypt_entry_simple_corners, ontoclasm_vaults_gateway,
          nicolae_vaults_little_squares_6, v_misc_26,
          nicolae_vaults_lightning_bolt,
          nicolae_vaults_taking_the_gang_shopping, abrahamwl_protected_by_tso_1,
          vaults_room_grid, vaults_mumra_minichess, nicolae_vaults_turnstiles,
          nicolae_vaults_double_plus_1, nicolae_vaults_back_hallway,
          vaults_mumra_hex, nicolae_vaults_house_1,
          nicolae_vaults_tetromino_L_1, layout_vaults_omnicross
Vaults:4: nicolae_vaults_little_squares_3, v_misc_17, grunt_vaults_diagonal,
          vaults_room_hallway, v_pattern_5, nicolae_vaults_surprise_closet,
          nicolae_vaults_house_1, nicolae_vaults_trapezoid_1,
          layout_vaults_omnigrid, serial_shops, bzr_entry_gold,
          nicolae_shop_trees, serial_glass
Vaults:5: uniq_jory
Depths:1: layout_gridlike, enter_ziggurat_c, grunt_pan_entry_zigzag, hell_entry,
          dreamdust_looks_like_rain, grunt_megastairs_4
Depths:2: wad_statue_garden, layout_basic, grunt_pan_entry_spiral,
          grunt_mini_vestibule, trog_three_pillars_becter
Depths:3: grunt_forest_end_winery, layout_basic, abyss_entry, hell_entry,
          chequers_decorated_corner, minmay_fractal_squares_diagonal_5,
          uniq_xtahua
Depths:4: grunt_bruiser_brothers, layout_gridlike, pan_entry,
          evilmike_ruin_ashenzari, hell_entry, uniq_margery, uniq_boris
Zot:1:    layout_gridlike, hangedman_zot_decor_slant,
          gammafunk_ghost_tricky_traps, drop_trap, lemuel_flame_loot_1
Zot:2:    layout_misc_corridors, regret_index_zotdec_obsidian_hm,
          nicolae_zig_zag_zippers
Zot:3:    layout_onion, gammafunk_ghost_necromancy, st_small_dragon_hoard_1,
          lemuel_elevator
Zot:4:    layout_onion, regret_index_zotdec_storm_pass, st_single_dragon_hoard_3
Zot:5:    layout_cathedral_of_symmetry

Skill      XL: |  1  2  3  4  5  6  7  8  9 10 11 12 13 14 15 16 17 18 19 20 21 22 23 24 25 |
---------------+----------------------------------------------------------------------------+-----
Maces & Flails | 3 4 5 7 9 10 11 12 | 12.0
Stealth        | 1 2 4 7 |  7.2
Fighting       | 3 4 5 6 8 10 11 12 14 15 16 17 18 19 20 21 | 21.7
Armour         | 2 3 5 6 7 9 10 11 12 13 14 15 16 18 19 20 | 20.0
Polearms       | 3 5 9 10 11 12 13 14 15 16 17 | 17.9
Shields        | 1 4 6 8 9 11 12 13 14 15 16 17 | 17.0
Dodging        | 2 3 4 5 6 7 8 9 10 11 12 | 12.0
Evocations     | 2 3 4 5 6 8 9 10 12 13 14 15 16 | 16.0
Invocations    | 1 5 7 8 10 12 13 14 15 16 17 20 21 22 | 22.1
Throwing       | 3 5 6 7 9 10 | 10.7
Spellcasting   | 2 4 5 |  5.0
Translocations | 3 4 7 8 |  8.4

Action                     |  1- 3 |  4- 6 |  7- 9 | 10-12 | 13-15 | 16-18 | 19-21 | 22-24 | 25-27 || total
---------------------------+-------+-------+-------+-------+-------+-------+-------+-------+-------++-------
  Melee: Mace              |   137 |   229 |       |       |       |       |       |       |       ||   366
         Trident           |       |    79 |    86 |       |       |       |       |       |       ||   165
         Whip              |       |       |   237 |   372 |   575 |       |       |       |       ||  1184
         Demon trident     |       |       |       |     5 |   105 |   858 |   855 |  1180 |   314 ||  3317
  Throw: Boomerang         |    11 |    12 |    13 |     6 |    18 |    35 |    15 |    40 |     5 ||   155
         Dart              |     1 |       |       |       |     1 |       |       |       |     1 ||     3
         Throwing net      |       |       |       |       |       |       |       |       |     8 ||     8
   Cast: Blink             |       |       |       |       |     2 |       |       |     2 |       ||     4
         Apportation       |       |       |       |       |       |       |       |       |     1 ||     1
 Invoke: Light the Black T |       |       |     2 |     6 |    10 |     7 |     6 |     9 |       ||    40
         Hurl Torchlight   |       |       |       |     8 |    26 |    23 |    23 |    30 |     4 ||   114
         Recall Undead Har |       |       |       |     4 |    15 |    14 |    29 |    28 |     3 ||    93
         Bind Soul         |       |       |       |     1 |     3 |    10 |     2 |    13 |     3 ||    32
         Fathomless Shackl |       |       |       |       |     3 |     2 |       |       |       ||     5
  Evoke: Wand              |       |       |       |    10 |     7 |     7 |    19 |    25 |    34 ||   102
         Phantom mirror    |       |       |       |       |     1 |     4 |     5 |     1 |     2 ||    13
         Phial of floods   |       |       |       |       |       |     1 |     3 |     2 |     1 ||     7
         Sack of spiders   |       |       |       |       |       |       |       |     1 |     1 ||     2
         Condenser vane    |       |       |       |       |       |       |       |       |     1 ||     1
    Use: Scroll            |       |     9 |     7 |     9 |     8 |    16 |    11 |    13 |     8 ||    81
         Potion            |       |       |     1 |     4 |     1 |    14 |     1 |    12 |    21 ||    54
   Stab: Sleeping          |     1 |       |       |       |       |       |       |       |       ||     1
         Distracted        |       |       |     3 |     4 |    13 |    36 |    24 |    42 |     5 ||   127
         Invisible         |       |       |       |     1 |       |     5 |       |       |       ||     6
         Petrified         |       |       |       |       |     4 |     1 |       |       |       ||     5
         Petrifying        |       |       |       |       |     1 |       |       |       |       ||     1
         Paralysed         |       |       |       |       |       |     3 |     3 |       |     1 ||     7
         Confused          |       |       |       |       |       |       |       |     2 |       ||     2
         Held in net/web   |       |       |       |       |       |       |       |       |     3 ||     3
 Armour: Leather armour    |   104 |       |       |       |       |       |       |       |       ||   104
         Ring mail         |     1 |    37 |       |       |       |       |       |       |       ||    38
         Plate armour      |       |   237 |   235 |   207 |   411 |       |       |   613 |   156 ||  1859
         Chain mail        |       |       |       |       |     8 |   649 |   619 |    61 |       ||  1337
  Dodge: Dodged            |    90 |   105 |    80 |    67 |   140 |   330 |   224 |   230 |    66 ||  1332
  Block: Kite shield       |       |       |   115 |   145 |   326 |   498 |   380 |   498 |   128 ||  2090
         Reflection        |       |       |       |       |       |    12 |    75 |    49 |     8 ||   144

Table legend: (Time is in decaauts)
 A = Elapsed time spent in this place.
 B = Non-inter-level travel time spent in this place.
 C = Inter-level travel time spent in this place.
 D = Time resting spent in this place.
 E = Time spent auto-exploring this place.
 F = Levels seen in this place.
 G = Mean time per level.
                   A        B        C        D        E       F      G
               +--------+--------+--------+--------+--------+-----+--------+
         Total |  58387 |  52235 |   6152 |   2240 |  35414 |  50 | 1167.7 |
       Dungeon |  19014 |  16489 |   2525 |    403 |  12163 |  15 | 1267.6 |
        Temple |      1 |      1 |      0 |      0 |      0 |   1 |    1.0 |
          Lair |   5766 |   4929 |    837 |      0 |   3735 |   5 | 1153.2 |
        Shoals |   4953 |   4487 |    466 |    138 |   3290 |   4 | 1238.2 |
   Spider Nest |   4978 |   4625 |    353 |    139 |   2985 |   4 | 1244.5 |
  Orcish Mines |   2040 |   1781 |    259 |      0 |   1379 |   2 | 1020.0 |
   Elven Halls |   3507 |   3343 |    164 |    244 |   1815 |   3 | 1169.0 |
        Vaults |   7976 |   7114 |    862 |    684 |   4090 |   5 | 1595.2 |
        Depths |   5740 |   5204 |    536 |     42 |   3825 |   4 | 1435.0 |
           Zot |   3339 |   3192 |    147 |    590 |   1404 |   5 |  667.8 |
        Bazaar |    632 |    632 |      0 |      0 |    501 |   1 |  632.0 |
      Gauntlet |    435 |    435 |      0 |      0 |    224 |   1 |  435.0 |
               +--------+--------+--------+--------+--------+-----+--------+

Top non-repeatable levels by time:
Vaults:5: 2045 daAuts
    D:11: 1916 daAuts
Vaults:3: 1872 daAuts
Depths:2: 1807 daAuts
    D:14: 1806 daAuts
     D:4: 1652 daAuts
   Zot:5: 1621 daAuts
Vaults:1: 1614 daAuts
     D:7: 1590 daAuts
    D:10: 1556 daAuts
  Lair:5: 1526 daAuts
   Orc:2: 1478 daAuts
     D:3: 1470 daAuts
Spider:3: 1431 daAuts
Vaults:4: 1395 daAuts
